 Dungeon Crawl Stone Soup version 0.18.1-6-gd335043 (webtiles) character file.

1057 M4edhros the Cleaver (level 8, -15/96 HPs)
             Began as a Minotaur Berserker on May 20, 2016.
             Was a Believer of Trog.
             Demolished by a death yak (17 damage)
             ... on level 8 of the Dungeon.
             The game lasted 00:05:35 (948 turns).

M4edhros the Cleaver (Minotaur Berserker)            Turns: 948, Time: 00:05:35

Health: -15/96     AC: 24    Str: 26    XL:     8   Next: 6%
Magic:  7/7        EV:  2    Int:  4    God:    Trog [**....]
Gold:   73         SH:  0    Dex: 23    Spells: 0 memorised, 7 levels left

rFire  . . .     SeeInvis .     s - +0 war axe
rCold  . . .     Gourm    .     (armour currently unavailable)
rNeg   + + +     Faith    .     (no shield)
rPois  +         Spirit   .     (helmet currently unavailable)
rElec  .         Dismiss  .     (cloak currently unavailable)
rCorr  .         Reflect  .     (gloves currently unavailable)
SustAt .         Harm     .     (boots currently unavailable)
MR     .....     NoTele   +     (no amulet)
Stlth  +++.......               (no ring)
                                m - +5 ring of dexterity

@: mighty, agile, exhausted, tree-form, slowed, very slow, not resistant to
hostile enchantments, fairly stealthy
A: (retaliatory headbutt), (horns 0)
a: Berserk, Trog's Hand, Burn Spellbooks, Renounce Religion


You were on level 8 of the Dungeon.
You worshipped Trog.
Trog was pleased with you.
You were very hungry.
You were a tree.
You visited 1 branch of the dungeon, and saw 8 of its levels.

You collected 73 gold pieces.

Inventory:

Hand Weapons
 a - a +0 hand axe
 r - a +2 dire flail of protection
 s - a +0 war axe (weapon)
Missiles
 t - 3 javelins (quivered)
Armour
 b - a +0 animal skin
 h - a +0 ring mail
 p - a +0 chain mail (melded)
Jewellery
 m - a +5 ring of dexterity (left branch)
Scrolls
 f - 9 scrolls of identify {unknown}
 g - a scroll of recharging {unknown}
 n - 2 scrolls of remove curse {unknown}
 o - a scroll of amnesia {unknown}
 q - a scroll of teleportation {unknown}
 u - a scroll of immolation {unknown}
Potions
 e - a potion of agility
 j - 2 potions of lignification
 k - a potion of might
Comestibles
 c - a bread ration
 d - a slice of pizza
 i - a meat ration
 l - 3 fruits


   Skills:
 - Level 3.6 Fighting
 + Level 9.5 Axes
 - Level 2.4 Armour
 + Level 6.7 Dodging


You had 7 spell levels left.
You didn't know any spells.

Dungeon Overview and Level Annotations

Branches:
Dungeon (8/15)
 Temple: D:4-7         Lair: D:8-11

Altars:
Elyvilon
Pakellas

Annotations:
D:5 M4edhros's ghost, amateur MiBe


Innate Abilities, Weirdness & Mutations

((You reflexively headbutt those who attack you in melee.))
((You have a pair of horns on your head.))


Message History

Trog accepts your kill.
You have reached level 8!
You feel agile.
You hit the death yak.
The death yak is lightly wounded.
The death yak gores you!
* * * LOW HITPOINT WARNING * * *
The death yak gores you but does no damage.
Unknown command.
Unknown command.
Read which item? (? for menu, Esc to quit)
Okay, then.
You slash the death yak!
The death yak is moderately wounded.
The death yak gores you but does no damage.
You barely miss the death yak.
The death yak is moderately wounded.
The death yak gores you but does no damage.
The death yak gores you!
You die...

. # ####. ###.
..^. .. #..
%.##... #.#
##......
##.######...#
#...)†).))#.#
##.#.####†♣Ys#
###....#
#.##r#
###....### #.#
.# ###...#..#
..# ro
.<......##
.### Y##
.###.##.....##
Y. # #.##.####
r. ..##.# ..
###...#


You could see a death yak, a scorpion and a rat.

Vanquished Creatures
  A yak (D:8)
  An orc warrior (D:8)
  An ice beast (D:5)
  A sky beast (D:5)
  An ogre (D:8)
  The ghost of Statics the Cutter, an amateur HEFi (D:3)
  Blork the orc (D:5)
  2 howler monkeys (D:8)
  A hound (D:6)
  A giant frog zombie (D:7)
  5 orc priests
  An iguana (D:5)
  A worker ant (D:3)
  A killer bee zombie (D:8)
  5 adders
  2 worms (D:3)
  5 orcs
  3 bats
  A giant cockroach (D:3)
  2 goblins
  3 quokkas
  A giant gecko skeleton (D:4)
  2 giant newts
  A kobold (D:2)
  3 rats
47 creatures vanquished.

Vanquished Creatures (others)
  A goblin (D:3)
1 creature vanquished.

Grand Total: 48 creatures vanquished

Notes
Turn   | Place    | Note
--------------------------------------------------------------
     0 | D:1      | M4edhros the Minotaur Berserker began the quest for the Orb.
     0 | D:1      | Reached XP level 1. HP: 19/19 MP: 0/0
    55 | D:2      | Reached skill level 4 in Axes
    96 | D:2      | You fall through a shaft!
   102 | D:3      | Reached XP level 2. HP: 19/26 MP: 1/1
   123 | D:3      | Noticed Statics's ghost (amateur HEFi)
   133 | D:3      | Killed Statics's ghost
   133 | D:3      | Reached skill level 6 in Axes
   133 | D:3      | Reached XP level 3. HP: 31/31 MP: 2/2
   133 | D:3      | Reached XP level 4. HP: 39/39 MP: 3/3
   177 | D:3      | Found a white marble altar of Elyvilon.
   298 | D:3      | Reached XP level 5. HP: 37/45 MP: 4/4
   436 | D:5      | Entered Level 5 of the Dungeon
   477 | D:5      | Noticed a sky beast
   482 | D:5      | Killed a sky beast
   482 | D:5      | Reached skill level 7 in Axes
   529 | D:5      | Reached ** piety under Trog
   529 | D:5      | Reached XP level 6. HP: 35/51 MP: 5/5
   604 | D:5      | Noticed Blork the orc
   645 | D:5      | Found an oddly glowing altar of Pakellas.
   646 | D:5      | Noticed M4edhros's ghost (amateur MiBe)
   646 | D:5      | Noticed a rakshasa
   660 | D:5      | Killed Blork the orc
   727 | D:5      | Noticed an ice beast
   739 | D:5      | Killed an ice beast
   739 | D:5      | Reached skill level 8 in Axes
   739 | D:5      | Reached skill level 5 in Dodging
   739 | D:5      | Reached XP level 7. HP: 57/57 MP: 6/6
   928 | D:8      | Reached skill level 9 in Axes
   934 | D:8      | Noticed a death yak
   934 | D:8      | Noticed a yak
   946 | D:8      | Killed a yak
   946 | D:8      | Reached XP level 8. HP: 11/64 MP: 7/7
   946 | D:8      | HP: 2/96 [death yak (10)]
   948 | D:8      | Demolished by a death yak

Skill      XL: |  1  2  3  4  5  6  7 |
---------------+----------------------+-----
Axes           | 4 6 7 8 9 |  9.5
Dodging        | 3 5 6 |  6.7
Fighting       | |  3.6
Armour         | |  2.4

Action                   |  1- 3 |  4- 6 |  7- 9 || total
-------------------------+-------+-------+-------++-------
Melee: Hand axe          |    22 |    55 |       ||    77
       Headbutt          |     3 |    16 |     5 ||    24
       War axe           |       |     4 |    34 ||    38
Invok: Berserk           |     1 |     5 |     1 ||     7
  Use: Potion            |       |     2 |     3 ||     5
 Stab: Invisible         |       |     8 |       ||     8
  Eat: Chunk             |       |     5 |       ||     5
       Pizza             |       |       |     1 ||     1
Armor: Animal skin       |    10 |       |       ||    10
       Ring mail         |       |    12 |       ||    12
       Chain mail        |       |     2 |    13 ||    15
       Skin              |       |       |    12 ||    12
Dodge: Dodged            |    15 |    36 |    15 ||    66
